Map: Stasis LE

Players

DrSonp - Winner!

  • Race: Terran Terran
  • League: Gold
  • Spawn Location: 11:00

Yocto

  • Race: Zerg Zerg
  • Spawn Location: 1:00

VOD

Have the link to the VOD?

Description

Time

  • Played on: Dec. 13, 2018, 10:25 a.m.
  • Length: 10:26
Show
View Real Time Build Order
Export as new Build Order

DrSonp Terran - Winner!

Build Orders: Liberator Opening 

Get SALT Encoding   

  12  0:01  SCV  
  13  0:13  SCV  
  14  0:20  Supply Depot  
  14  0:25  SCV  
  15  0:41  SCV  
  16  0:47  Barracks  
  16  0:50  Refinery  
  16  0:53  SCV  
  17  1:06  SCV  
  18  1:18  SCV  
  19  1:24  Refinery  
  19  1:30  SCV, Supply Depot  
  20  1:34  Marine  
  21  1:42  SCV  
  22  1:51  Factory  
  22  1:52  Marine  
  23  1:54  SCV  
  24  2:06  SCV  
  25  2:10  Marine  
  26  2:18  SCV  
  27  2:28  Marine  
  28  2:36  Orbital Command  
  28  2:37  Supply Depot  
  28  2:39  Hellion  
  28  2:42  Engineering Bay  
  29  2:57  Barracks Reactor  
  29  3:01  Hellion  
  29  3:02  Supply Depot  
  32  3:05  SCV  
  32  3:17  SCV, Starport  
  33  3:22  Hellion  
  35  3:35  SCV  
  35  3:37  Marine x2  
  35  3:39  Liberator  
  38  3:44  Hellion  
  40  3:50  Terran Infantry Weapons Level 1  
  40  3:53  SCV  
  40  3:55  Marine x2  
  46  4:09  Supply Depot  
  46  4:13  Marine  
  47  4:30  Marine  
  47  4:31  Marine, Hellion  
  51  4:32  Supply Depot  
  51  4:36  Command Center  
  51  4:40  Liberator  
  51  4:53  Supply Depot  
  51  4:56  Hellion  
  56  5:02  Marine x2  
  58  5:17  Hellion  
  47  5:40  Marine x2  
  47  5:42  Hellion  
  46  5:44  Terran Infantry Armor Level 1  
  46  5:58  Marine  
  46  6:00  Medivac  
  46  6:01  Marine  
  46  6:04  Hellion  
  52  6:06  Barracks  
  52  6:07  SCV  
  53  6:16  Marine  
  54  6:19  Marine  
  55  6:30  Medivac  
  57  6:44  Marine x2  
  59  6:50  Supply Depot  
  59  7:00  Medivac  
  61  7:02  Marine x2  
  61  7:05  Orbital Command  
  61  7:07  SCV  
  64  7:17  Factory Tech Lab  
  64  7:19  SCV  
  64  7:20  Marine x2  
  64  7:21  Barracks Tech Lab  
  67  7:30  SCV  
  67  7:31  SCV  
  67  7:34  Refinery  
  67  7:37  Marine, Refinery  
  69  7:38  Marine  
  69  7:43  Stimpack  
  71  7:48  Marauder  
  71  7:50  Cyclone  
  76  7:51  Medivac  
  76  7:55  Marine x2  
  80  8:08  Supply Depot  
  80  8:09  Marauder, Infernal Pre-Igniter  
  82  8:13  Marine x2  
  82  8:21  Medivac  
  82  8:22  Cyclone  
  87  8:31  Marine x2, Marauder  
  91  8:38  Command Center  
  91  8:46  Supply Depot  
  91  8:49  Marine x2  
  91  8:51  Medivac  
  91  8:52  Marauder  
  91  8:54  Cyclone  
  100  8:56  Barracks  
  100  9:01  Armory  
  100  9:07  Marine x2  
  100  9:09  Supply Depot  
  102  9:13  Marauder  
  104  9:24  Marine x2  
  104  9:26  Hellion  
  108  9:35  Marauder  
  88  9:56  Marauder  
  86  10:19  Barracks Reactor  
Show
View Real Time Build Order
Export as new Build Order

Yocto Zerg 

Build Orders: Hatch First 

Get SALT Encoding   

  12  0:01  Drone  
  13  0:14  Overlord  
  13  0:32  Drone  
  13  0:34  Drone x2  
  16  0:55  Drone  
  17  1:06  Hatchery, Drone  
  17  1:09  Drone  
  18  1:11  Extractor  
  17  1:24  Spawning Pool  
  16  1:28  Drone  
  16  1:32  Drone  
  18  1:38  Drone  
  19  1:48  Overlord  
  19  2:07  Drone  
  20  2:11  Queen  
  22  2:16  Metabolic Boost  
  22  2:18  Queen  
  24  2:23  Zergling x4  
  26  2:33  Drone  
  26  2:34  Drone x2  
  29  2:51  Overlord  
  29  2:53  Drone x3  
  32  3:01  Queen  
  34  3:07  Overlord  
  34  3:16  Queen  
  36  3:23  Baneling Nest  
  35  3:33  Zergling x10  
  40  3:42  Queen  
  40  3:45  Zergling x4  
  44  3:57  Spore Crawler  
  44  4:00  Spore Crawler  
  44  4:01  Queen  
  44  4:09  Zergling x6  
  46  4:23  Zergling x2  
  46  4:24  Zergling x8  
  50  4:28  Extractor  
  50  4:31  Overlord  
  50  4:45  Drone  
  51  4:47  Overlord x2  
  51  5:02  Drone x2  
  51  5:03  Drone x4  
  51  5:04  Baneling  
  57  5:07  Baneling x2  
  57  5:18  Baneling  
  57  5:19  Baneling x3  
  56  5:33  Zergling x10  
  56  5:34  Zergling x4  
  53  5:50  Drone x5  
  58  6:07  Zergling x4  
  60  6:12  Lair  
  60  6:16  Extractor  
  59  6:20  Evolution Chamber  
  58  6:27  Zergling x10  
  58  6:28  Zergling x2  
  58  6:31  Extractor  
  62  6:47  Baneling x3  
  62  6:48  Baneling x3  
  62  6:49  Hatchery  
  61  7:03  Drone x3  
  61  7:08  Drone x3  
  67  7:11  Drone  
  67  7:13  Overlord x4  
  68  7:21  Spire  
  67  7:41  Drone x2  
  69  7:47  Drone x2  
  69  7:50  Centrifical Hooks, Zerg Melee Weapons Level 1  
  71  7:52  Drone x2  
  71  7:53  Drone  
  71  7:57  Drone  
  71  7:58  Drone x5  
  80  8:18  Drone x7  
  80  8:19  Queen  
  89  8:34  Corruptor x4  
  97  8:50  Baneling x6  
  97  8:51  Baneling  
  97  8:54  Extractor, Drone x2  
  97  8:55  Extractor  
  97  8:56  Zergling x2  
  98  9:22  Overlord x3  
  98  9:23  Overlord x3  
  98  9:27  Baneling x2  
  98  9:28  Baneling x7  
  98  9:29  Baneling x3  
  88  9:39  Zergling x4  
  88  9:40  Zergling x2  
  83  9:48  Zergling x4  
  83  9:49  Zergling x12  
  78  9:55  Zergling x4  
  69  10:01  Zergling x2  
  69  10:02  Zergling x2  
Tags
 
League
Gold
Matchup
TvZ
Replay Pack
Yocto
Spawn Locations
Close Positions
Add a new tag
Caveats
  • Supply blocks, unpowered buildings, or Contaminate may cause inaccurate times.
  • Supply counts are checked every 10 seconds.